 Dungeon Crawl Stone Soup version 0.31-a0-237-g2d982f9f85 (webtiles) character file.

Game seed: 6156893328634082475

386 qw the Shooter (level 6, -6/38 HPs)
             Began as a Gargoyle Hexslinger on July 11, 2023.
             Killed by divine providence
             ... invoked by an orc priest
              (14 damage)
             ... on level 4 of the Dungeon.
             The game lasted 00:01:23 (2468 turns).

qw the Shooter (Gargoyle Hexslinger)                Turns: 2468, Time: 00:01:24

Health: -6/38      AC: 10    Str: 11    XL:     6   Next: 78%
Magic:  7/7        EV: 10    Int: 14    God:
Gold:   174        SH:  0    Dex: 14    Spells: 6/7 levels left

rFire   . . .        Y - +1 sling
rCold   . . .        (no shield)
rNeg    + . .        c - +0 ring mail
rPois   inf          b - +1 hat
rElec   +            (no cloak)
rCorr   .            (no gloves)
SInv    .            (no boots)
Will    .....        (no amulet)
Stlth   +            (no ring)
HPRegen 0.26/turn    (no ring)
MPRegen 0.10/turn

%: no passive effects
@: no status effects
A: sickness immunity, AC +4, negative energy resistance 1, electricity
resistance, torment resistance 1, petrification resistance
a: no special abilities


You were on level 4 of the Dungeon.
You visited 1 branch of the dungeon, and saw 4 of its levels.

You collected 174 gold pieces.


Innate Abilities, Weirdness & Mutations

You are immune to sickness and miasma.
Your stone body is resilient. (AC +4)
You are immune to poison.
You resist negative energy. (rN+)
You are resistant to electric shocks. (rElec)
You are resistant to unholy torment.
You are immune to petrification.


   Skills:
 + Level 3.7 Fighting
 - Level 6.0 Ranged Weapons
 - Level 1.0 Armour
 - Level 1.5 Dodging
 - Level 1.0 Spellcasting
 - Level 2.6 Hexes


You had 6 spell levels left.
You knew the following spells:

 Your Spells              Type           Power      Damage    Failure   Level
a - Slow                  Hex            32%        N/A       21%         1

Your spell library contained the following spells:

 Spells                   Type           Power      Damage    Failure   Level
 Inner Flame              Hex/Fire       4%         N/A       71%         3
 Portal Projectile        Hex/Tloc       8%         N/A       71%         3
 Cause Fear               Hex            4%         N/A       90%         4

Inventory:

Hand Weapons
 Y - a +1 sling (weapon)
Armour
 b - a +1 hat (worn)
 c - a +0 ring mail (worn)
Scrolls
 a - 2 scrolls of identify
Potions
 i - 2 potions of mutation

Dungeon Overview and Level Annotations

Branches:
Dungeon (4/15)
 Temple: D:4-7

Altars:
Zin


Message History

The orc is moderately wounded.
The orc hits you but does no damage. x2
The orc priest looks braver for a moment.
You shoot a sling bullet. The sling bullet hits the orc.
You kill the orc!
You shoot a sling bullet.
The sling bullet hits the orc priest but does no damage.
You hear a shout!
The orc priest barely misses you.
You shoot a sling bullet.
The sling bullet closely misses the orc priest.
The sling bullet hits the orc priest!
The orc priest is heavily wounded.
The orc priest hits you with a +0 club.
You shoot a sling bullet.
The sling bullet closely misses the orc priest.
The sling bullet barely misses the orc priest.
The orc priest hits you but does no damage.
The orc priest miscasts a cantrip.
A kobold comes into view. It is wielding a +0 short sword.
The orc priest calls upon Beogh to heal the orc priest.
The orc priest is healed somewhat.
You shoot a sling bullet. The sling bullet hits the orc priest.
The orc priest is lightly wounded.
The orc priest closely misses you.
The orc priest mumbles some strange prayers to Beogh against you.
Beogh smites you!
An iguana comes into view.
You shoot a sling bullet. The sling bullet hits the orc priest.
The orc priest is heavily wounded.
The orc priest mumbles some strange prayers to Beogh against you.
Beogh smites you!
The orc priest casts a cantrip, but nothing happens.
You shoot a sling bullet.
The sling bullet hits the orc priest but does no damage.
The orc priest is heavily wounded.
The orc priest hits you but does no damage.
The orc priest invokes the aid of Beogh against you.
Beogh smites you!
You die...

# # #.#.
### #....
#..
.?...##.#
.......l#
...o..Ko#
....)##o#
... #@# .
#.# #.#
#.# #.#
#<# ###


You could see an iguana, 2 orc priests and a kobold.

Vanquished Creatures
  A bullfrog (D:3)
  4 vampire bats (D:3)
  6 adders
  4 worms
  A dart slug (D:2)
  5 orcs
  6 ball pythons
  9 bats
  10 endoplasms
  4 giant cockroaches
  6 goblins
  7 hobgoblins
  9 jackals
  8 kobolds
  6 quokkas
  4 frilled lizards
  2 rats
92 creatures vanquished.

Notes
Turn   | Place    | Note
-------+----------+-------------------------------------------
     0 | D:1      | qw the Gargoyle Hexslinger began the quest for the Orb.
     0 | D:1      | Reached XP level 1. HP: 12/12 MP: 2/2
     0 | D:1      | 0 ||| qw: Version: 0.3-a-52-g30416fa
     0 | D:1      | 0 ||| qw: Game counter: 5812
     0 | D:1      | 0 ||| qw: Melee chars always use a shield: true
     0 | D:1      | 0 ||| qw: God list: Okawaru
     0 | D:1      | 0 ||| qw: Allow faded altars: false
     0 | D:1      | 0 ||| qw: Do Orc after clearing Dungeon:15 true
     0 | D:1      | 0 ||| qw: Do second Lair branch before Depths: true
     0 | D:1      | 0 ||| qw: Lair rune preference: random
     0 | D:1      | 0 ||| qw: Goals: Normal
     0 | D:1      | 0 ||| PLANNING D:1-11
   137 | D:1      | Reached XP level 2. HP: 16/16 MP: 3/3
   188 | D:1      | Reached skill level 3 in Ranged Weapons
   278 | D:1      | Reached XP level 3. HP: 21/21 MP: 4/4
   542 | D:1      | 542 ||| UPGRADING to +0 leather armour.
   552 | D:1      | 552 ||| DROPPING +0 robe.
   553 | D:1      | 553 ||| READING 5 scrolls labelled MAXTEASSIL.
   554 | D:1      | 554 ||| READING scroll labelled LANUSS SYADOO.
   555 | D:1      | 555 ||| READING scroll labelled BAVOVOIWKI.
   556 | D:1      | 556 ||| READING scroll labelled ATAYKIEDU IFYEGOL.
   559 | D:1      | 559 ||| READING 4 scrolls of identify.
   559 | D:1      | 559 ||| IDENTIFYING clear potion
   560 | D:1      | 560 ||| READING 3 scrolls of identify.
   560 | D:1      | 560 ||| IDENTIFYING lumpy brown potion
   561 | D:1      | 561 ||| DROPPING scroll of poison.
   562 | D:1      | 562 ||| DROPPING potion of ambrosia.
   737 | D:2      | Reached XP level 4. HP: 26/26 MP: 5/5
   754 | D:2      | Found a glowing silver altar of Zin.
   833 | D:2      | Reached skill level 4 in Ranged Weapons
  1293 | D:2      | 1293 ||| UPGRADING to +1 hat.
  1298 | D:2      | 1298 ||| UPGRADING to +0 ring mail.
  1308 | D:2      | 1308 ||| DROPPING +0 leather armour.
  1309 | D:2      | 1309 ||| READING scroll labelled FUXZIMM NEHOPE.
  1327 | D:2      | 1327 ||| READING 2 scrolls of identify.
  1327 | D:2      | 1327 ||| IDENTIFYING sapphire potion
  1328 | D:2      | 1328 ||| DROPPING potion of attraction.
  1391 | D:3      | HP: 5/26 [goblin/+0 club (4)]
  1398 | D:3      | Reached skill level 1 in Armour
  1552 | D:3      | Reached XP level 5. HP: 27/30 MP: 6/6
  1687 | D:3      | Reached skill level 5 in Ranged Weapons
  1705 | D:3      | Reached skill level 3 in Fighting
  1705 | D:3      | Reached XP level 6. HP: 30/37 MP: 7/7
  2323 | D:3      | Reached skill level 6 in Ranged Weapons
  2397 | D:3      | 2397 ||| READING scroll labelled WINTUG HODEUKEQYCK.
  2398 | D:3      | 2398 ||| READING scroll labelled ECAKHL ZEAL.
  2399 | D:3      | 2399 ||| READING 3 scrolls of identify.
  2399 | D:3      | 2399 ||| IDENTIFYING smoky white potion
  2400 | D:3      | 2400 ||| DROPPING potion of degeneration.
  2458 | D:4      | 2458 ||| Stepping ~*~*~tactically~*~*~ (outnumbered).
  2459 | D:4      | 2459 ||| Stepping ~*~*~tactically~*~*~ (outnumbered).
  2467 | D:4      | HP: 8/38 [orc priest/divine providence (15)]
  2468 | D:4      | Killed from afar by an orc priest

Levels and vault maps discovered:
D:1:      mrwooster_arrival_statue_3, layout_rooms, minmay_tromino_i2
D:2:      layout_basic, basic_altar
D:3:      layout_basic, roderic_batcave, minmay_randomly_rotated_circles
D:4:      layout_basic, minmay_temple_entry_crystal_x, uniq_duvessa, uniq_pikel

Skill      XL: |  1  2  3  4  5  6 |
---------------+-------------------+-----
Ranged Weapons | 3 4 5 6 |  6.0
Fighting       | 2 3 |  3.7
Armour         | 1 |  1.0
Dodging        | |  1.5
Spellcasting   | |  1.0
Hexes          | |  2.6

Action                     |  1- 3 |  4- 6 || total
---------------------------+-------+-------++-------
   Fire: Sling             |   114 |   259 ||   373
    Use: Scroll            |     6 |     5 ||    11
 Armour: Robe              |     7 |       ||     7
         Leather armour    |    19 |     6 ||    25
         Ring mail         |       |   116 ||   116
  Dodge: Dodged            |    39 |   122 ||   161

Table legend:
 A = Non-vault XP
 B = Vault XP
 C = Vault XP percentage of total XP
 D = Non-vault monster count
 E = Vault monster count
 F = Vault count percentage of total count
                 A         B        C        D         E       F
            +---------+---------+-------+---------+---------+-------
      Total |     282 |     270 |  48.9 |      75 |      17 |  18.5
            +---------+---------+-------+---------+---------+-------
        D:1 |      38 |       3 |   7.3 |      21 |       2 |   8.7
        D:2 |      87 |       0 |   0.0 |      29 |       0 |   0.0
        D:3 |     151 |     267 |  63.9 |      23 |      15 |  39.5
        D:4 |       6 |       0 |   0.0 |       2 |       0 |   0.0
            +---------+---------+-------+---------+---------+-------
